 Dungeon Crawl Stone Soup version 0.31-a0-819-gf6de2f5ab6 (webtiles) character file.

Game seed: 12987973227401584561

114 qw the Shooter (level 4, -3/28 HPs)
             Began as a Gargoyle Hunter on Sept 23, 2023.
             Slain by an orc
             ... wielding a +0 war axe
              (7 damage)
             ... on level 2 of the Dungeon.
             The game lasted 00:00:43 (1171 turns).

qw the Shooter (Gargoyle Hunter)                    Turns: 1171, Time: 00:00:43

Health: -3/28      AC:  9    Str: 14    XL:     4   Next: 98%
Magic:  4/4        EV: 10    Int: 10    God:
Gold:   32         SH:  0    Dex: 15    Spells: 3/3 levels left

rFire   . . .        Y - +0 shortbow
rCold   . . .        (shield currently unavailable)
rNeg    + . .        j - +0 ring mail
rPois   inf          (no helmet)
rElec   +            k - +0 cloak
rCorr   .            (no gloves)
SInv    .            (no boots)
Will    .....        (no amulet)
Stlth   +            (no ring)
HPRegen 0.24/turn    (no ring)
MPRegen 0.09/turn

%: no passive effects
@: about to teleport
A: sickness immunity, AC +3, negative energy resistance 1, electricity
resistance, torment resistance 1, petrification resistance
a: no special abilities


You were on level 2 of the Dungeon.
You visited 1 branch of the dungeon, and saw 2 of its levels.

You collected 32 gold pieces.


Innate Abilities, Weirdness & Mutations

You are immune to sickness and miasma.
Your stone body is resilient. (AC +3)
You are immune to poison.
You resist negative energy. (rN+)
You are resistant to electric shocks. (rElec)
You are resistant to unholy torment.
You are immune to petrification.


   Skills:
 - Level 3.2 Fighting
 + Level 5.5 Ranged Weapons
 - Level 1.0 Armour
 - Level 1.5 Dodging
 - Level 1.1 Stealth


You had 3 spell levels left.
You didn't know any spells.
Your spell library was empty.

Inventory:

Hand Weapons
 Y - a +0 shortbow (weapon)
Armour
 j - a +0 ring mail (worn)
 k - a +0 cloak (worn)
Scrolls
 a - 2 scrolls of identify
 d - a scroll of teleportation
 g - a scroll of torment {unknown}
 h - a scroll of enchant weapon {unknown}
Potions
 b - a potion of degeneration {unknown}
 c - a potion of curing {unknown}
 e - a potion of berserk rage {unknown}
 f - a potion of mutation {unknown}
 i - a potion of magic {unknown}

Dungeon Overview and Level Annotations

Branches:
Dungeon (2/15)

Altars:

Shops:
D:2 ((!:


Message History

You kill the giant cockroach!
You shoot an arrow.
The arrow hits the orc but does no damage.
The orc hits you with a +0 war axe.
You shoot an arrow. The arrow hits the orc.
The orc is moderately wounded.
The orc barely misses you.
The orc hits you from afar with a +0 trident.
You shoot an arrow.
The arrow hits the orc but does no damage.
The orc is moderately wounded.
The orc hits you with a +0 war axe. The orc barely misses you.
You shoot an arrow. The arrow barely misses the orc.
The orc closely misses you. The orc hits you but does no damage.
You shoot an arrow.
The arrow hits the orc but does no damage.
The orc is moderately wounded.
The orc hits you with a +0 war axe. The orc closely misses you.
You shoot an arrow.
The arrow hits the orc but does no damage.
The orc is moderately wounded.
The orc hits you but does no damage. The orc closely misses you. x2
The orc hits you but does no damage.
You shoot an arrow. The arrow closely misses the orc.
The orc hits you with a +0 war axe. The orc closely misses you.
You shoot an arrow. The arrow barely misses the orc.
The orc barely misses you. x2
You shoot an arrow. The arrow barely misses the orc.
The orc barely misses you.
The orc hits you from afar with a +0 trident.
1170 ||| READING 2 scrolls of teleportation.
As you read the scroll of teleportation, it crumbles to dust.
You feel strangely unstable. The orc hits you but does no damage. x2
You shoot an arrow.
The arrow hits the orc but does no damage.
The orc is moderately wounded.
The orc hits you from afar with a +0 trident.
The orc closely misses you. x2; The orc hits you with a +0 war axe!
You die...

#### #. ...### #. .#...# ## ##.##
#### ####.# ..# #...# #...# # #
#.# ...##...##..... # ####.#
....#...#...... ### .....#
....'...%...??. #.. ###### #o%@#
#.. #.#..# #..o# ######.. #...##
#...# #....... #..<# ##### #...#
##### #......# #.#.#
##...###)..###...###.....<#
#.#.###.....##...##.....##.......
#.#.##.......#...#.......#.......
#.#.##..)....%...'...%...#.......
..#.##.......#...#.......#.......


You could see 2 orcs.

Vanquished Creatures
  An orc priest (D:2)
  3 adders (D:2)
  2 worms (D:2)
  A dart slug (D:2)
  5 orcs (D:2)
  6 ball pythons
  4 bats
  An endoplasm (D:1)
  3 giant cockroaches
  4 goblins
  3 hobgoblins
  2 quokkas
  A frilled lizard (D:1)
  4 kobolds
  7 rats
47 creatures vanquished.

Notes
Turn   | Place    | Note
-------+----------+-------------------------------------------
     0 | D:1      | qw the Gargoyle Hunter began the quest for the Orb.
     0 | D:1      | Reached XP level 1. HP: 12/12 MP: 1/1
     0 | D:1      | 0 ||| qw: Version: 0.3-a-83-gcd0e7d8
     0 | D:1      | 0 ||| qw: Game counter: 1545
     0 | D:1      | 0 ||| qw: Melee chars always use a shield: true
     0 | D:1      | 0 ||| qw: God list: Okawaru
     0 | D:1      | 0 ||| qw: Allow faded altars: false
     0 | D:1      | 0 ||| qw: Do Orc after clearing Dungeon:15 true
     0 | D:1      | 0 ||| qw: Do second Lair branch before Depths: true
     0 | D:1      | 0 ||| qw: Lair rune preference: random
     0 | D:1      | 0 ||| qw: Goals: Normal
     0 | D:1      | 0 ||| PLANNING D:1-11
   124 | D:1      | Reached XP level 2. HP: 10/17 MP: 2/2
   189 | D:1      | Found a faded altar of an unknown god.
   425 | D:1      | Reached XP level 3. HP: 21/21 MP: 3/3
   529 | D:1      | 529 ||| UPGRADING to +0 ring mail.
   539 | D:1      | 539 ||| DROPPING +0 leather armour.
   540 | D:1      | 540 ||| UPGRADING to +0 cloak.
   545 | D:1      | 545 ||| READING 2 scrolls labelled AXIUBA BUOTAOPSY.
   546 | D:1      | 546 ||| READING scroll labelled EZAOTS YJEPS.
   547 | D:1      | 547 ||| READING scroll labelled MOIVYQ DORED.
   548 | D:1      | 548 ||| READING scroll labelled UCWOTZ OHEUPT.
   553 | D:1      | 553 ||| DROPPING scroll of butterflies.
   573 | D:2      | Found Paistop's Book Shop.
   675 | D:2      | Reached skill level 1 in Armour
   681 | D:2      | Reached skill level 5 in Ranged Weapons
   712 | D:2      | Found Ettemias's Distillery.
   724 | D:2      | Reached skill level 3 in Fighting
   724 | D:2      | Reached XP level 4. HP: 21/28 MP: 4/4
   724 | D:2      | 724 ||| FLEEEEING.
   725 | D:2      | 725 ||| FLEEEEING.
   726 | D:2      | 726 ||| FLEEEEING.
   727 | D:2      | 727 ||| FLEEEEING.
   728 | D:2      | 728 ||| FLEEEEING.
   729 | D:2      | 729 ||| FLEEEEING.
   730 | D:2      | 730 ||| FLEEEEING.
   732 | D:2      | 732 ||| FLEEEEING.
   737 | D:2      | 737 ||| FLEEEEING.
   738 | D:2      | 738 ||| FLEEEEING.
   742 | D:2      | 742 ||| FLEEEEING.
   743 | D:2      | 743 ||| FLEEEEING.
   744 | D:2      | 744 ||| FLEEEEING.
   839 | D:2      | 839 ||| SHOPLISTING potion of curing (42 gold, have 32).
   839 | D:2      | 839 ||| SHOPLISTING potion of enlightenment (70 gold, have
                  | 32).
   839 | D:2      | 839 ||| SHOPLISTING potion of mutation (112 gold, have 32).
   839 | D:2      | 839 ||| SHOPLISTING potion of resistance (140 gold, have
                  | 32).
   946 | D:2      | Found Keoliam's Weapon Boutique.
   950 | D:2      | Found Esaf's Antique Weapon Shoppe.
   952 | D:2      | 952 ||| READING scroll labelled QORIPN LOCYEPT.
  1169 | D:2      | HP: 5/28 [orc/+0 trident (4)]
  1170 | D:2      | 1170 ||| READING 2 scrolls of teleportation.
  1171 | D:2      | Slain by an orc

Levels and vault maps discovered:
D:1:      elethiomel_arrival_quiet, layout_rooms, ebering_ecumenical_altar_hall
D:2:      kennysheep_six_static_rooms, layout_rooms, serial_shops,
          nicolae_shop_bloodbath_and_beyond, shop, shop,
          nicolae_shop_industrial_runoff, minmay_tetromino_i2

Skill      XL: |  1  2  3 |
---------------+----------+-----
Armour         | 1 |  1.0
Ranged Weapons | 5 |  5.5
Fighting       | 3 |  3.2
Dodging        | |  1.5
Stealth        | |  1.1

Action                     |  1- 3 |  4- 6 || total
---------------------------+-------+-------++-------
   Fire: Shortbow          |   100 |    75 ||   175
    Use: Scroll            |     4 |     2 ||     6
 Armour: Leather armour    |    24 |       ||    24
         Ring mail         |     1 |    47 ||    48
  Dodge: Dodged            |    29 |    35 ||    64

Table legend:
 A = Non-vault XP
 B = Vault XP
 C = Vault XP percentage of total XP
 D = Non-vault monster count
 E = Vault monster count
 F = Vault count percentage of total count
                 A         B        C        D         E       F
            +---------+---------+-------+---------+---------+-------
      Total |     142 |      22 |  13.4 |      40 |       7 |  14.9
            +---------+---------+-------+---------+---------+-------
        D:1 |      35 |       0 |   0.0 |      23 |       0 |   0.0
        D:2 |     107 |      22 |  17.1 |      17 |       7 |  29.2
            +---------+---------+-------+---------+---------+-------
